[Event "Najdorf Memorial-A 2022"]
[Site "Warsaw"]
[Date "2022.07.17"]
[Round "9.10"]
[White "Siekanska, Maria"]
[Black "Michalska, Aleksandra"]
[Result "1/2-1/2"]
[ECO "D35"]
[WhiteElo "1964"]
[BlackElo "1814"]
[Annotator "TA"]
[PlyCount "88"]
[EventDate "2022.07.09"]
[EventType "swiss"]
[EventCountry "POL"]
[SourceTitle "playchess.com"]
[Source "ChessBase"]
[SourceQuality "1"]
[TimeControl "40/5400+30:1800+30"]

1. d4 Nf6 2. c4 e6 3. Nc3 d5 4. cxd5 exd5 5. Bg5 c6 6. e3 h6 7. Bh4 Bf5 8. Qf3 {D35: Queen's Gambit Declined: Exchange Variation.} Bg6 {8...Bh7 is the modern continuation.} 9. Bxf6 gxf6 10. Qd1 {[#] White is slightly better.} (10. Rd1 $5 ) 10... Bd6 $146 ({Predecessor:} 10... Nd7 11. Bd3 Rg8 12. Nge2 Bd6 13. Ng3 Qe7 14. Qc2 h5 15. Kf1 Qe6 16. Nf5 Bc7 {1-0 (64) Kveinys,A (2533)-Savchenko,B (2648) Gjovik 2009}) 11. Nf3 Nd7 12. Be2 Rg8 13. g3 Nf8 14. Nh4 Qd7 15. Bd3 (15. Nxg6 fxg6 16. Qa4 Ke7 $14) 15... Ne6 16. Qe2 {[%cal Oc3d5] aiming for Nxd5!} ({But not} 16. Nxg6 fxg6 17. h4 O-O-O $11) 16... O-O-O 17. O-O-O Kb8 18. Kb1 Ng5 19. Qc2 Bh5 20. Rc1 Qe8 21. h3 Bg6 22. Nf5 Bf8 23. g4 h5 24. a3 hxg4 25. hxg4 Ne6 26. b4 Nc7 27. Qb3 a6 28. a4 {White is much more active. The black rooks are badly placed.} Bxf5 29. Bxf5 Qe7 30. Na2 (30. b5 $5 ) 30... Bg7 31. Rh7 Qf8 32. Rch1 Rh8 33. Nc1 Rxh7 34. Rxh7 Ne8 ({Black should try} 34... Qg8 $1 $14) 35. Ne2 $2 (35. b5 $18) 35... Qe7 {[#]} (35... Nd6 $14) 36. Nf4 (36. b5 $1 $18) 36... Bf8 (36... Qc7 $16 37. b5 axb5) 37. Ng6 (37. b5 $18 {and White stays clearly on top. bxc6 is the strong threat.} cxb5 38. axb5) 37... Qxb4 $16 38. Qxb4 Bxb4 39. Rxf7 Be1 $1 40. f4 Bd2 41. Re7 {The position is equal.} Nd6 42. Bd3 Re8 43. Rxe8+ Nxe8 44. e4 dxe4 {Weighted Error Value: White=0.24 (precise) /Black=0.20 (precise)} 1/2-1/2

[Event "Najdorf Memorial-A 2022"]
[Site "Warsaw"]
[Date "2022.07.17"]
[Round "9.11"]
[White "Jaskiewicz, Kacper"]
[Black "Polak, Michal"]
[Result "1-0"]
[ECO "B27"]
[WhiteElo "1756"]
[BlackElo "1944"]
[Annotator "TA"]
[PlyCount "109"]
[EventDate "2022.07.09"]
[EventType "swiss"]
[EventCountry "POL"]
[SourceTitle "playchess.com"]
[Source "ChessBase"]
[SourceQuality "1"]
[TimeControl "40/5400+30:1800+30"]

1. e4 c5 2. Nf3 g6 3. d4 cxd4 4. Nxd4 Bg7 5. c3 Nc6 6. Be3 Nf6 7. Nd2 O-O 8. Be2 d5 9. Bf3 {[%emt 0:01:57] B34: Sicilian: Accelerated Dragon with 5 Nc3: sidelines.} Ne5 10. exd5 (10. O-O $15) 10... Nxf3+ (10... Nd3+ {keeps more tension.} 11. Ke2 Nxd5 12. Kxd3 e5) 11. N2xf3 {[%emt 0:02:06] Black is better.} Nxd5 {[%emt 0:00:16] [#]} 12. Nc2 $146 ({Predecessor:} 12. Qe2 Nxe3 13. Qxe3 e5 14. Nb3 b6 15. O-O Qc7 16. Rad1 Bb7 17. Rd2 Rad8 18. Rfd1 Rxd2 19. Rxd2 {0-1 (81) Nugaev,N (1985)-Kushka,A (2102) St Petersburg 2008}) 12... Nxe3 13. Nxe3 Qb6 14. Qb3 Qa6 15. Qc4 b5 16. Qe2 {[%emt 0:02:15] [#]} (16. Qb4 $1 $15) 16... b4 $1 $17 17. c4 b3 18. a3 (18. a4 $17) 18... Qa5+ $19 19. Qd2 Qxd2+ 20. Nxd2 Bxb2 21. Rb1 Bxa3 22. Rxb3 Bc5 {[%emt 0:02:13] This bishop pair is nice.} 23. Nd5 Bf5 24. Ke2 Rfb8 ({Black should try} 24... Kg7 25. Ra1 Rfd8) 25. Ra1 Bd4 (25... Be6 $17 26. f3 Rc8) 26. Ra2 $15 Kf8 27. Nc7 Rxb3 28. Nxb3 Rc8 {[%emt 0:01:11] aiming for ...Bb6.} 29. Nxd4 Rxc7 30. Nxf5 gxf5 $11 {[%emt 0:00:09][%mdl 4096] Endgame KR-KR} 31. Kd3 Ke8 32. Kd4 Kd7 33. Ra3 f6 34. Ra5 e6 35. Ra6 Ke7 36. Ra2 Kd8 37. Ra6 Kd7 38. Ra3 Kc8 39. Ra6 Kd7 40. Ra3 Rb7 41. Ra6 Rc7 42. Ra3 Ke7 43. Ra2 Kf7 44. c5 Ke8 45. Kc4 Ke7 46. Kb5 f4 47. c6 {[%emt 0:02:14][%mdl 1024] And now Rd2 would win. White has compensation.} e5 $1 48. Kc5 {[%emt 0:00:24] Black must now prevent Rb2.} e4 49. Rb2 {[%emt 0:00:22] Strongly threatening Rb7.} Ke6 $2 (49... e3 $14) 50. Rb7 $18 Re7 {[%emt 0:00:02] [#]} (50... Rc8 51. Rxa7 (51. Rxh7 Rg8 $14) 51... h5) 51. c7 $1 {[%emt 0:01:01] White is clearly winning.} Rxc7+ 52. Rxc7 e3 53. fxe3 fxe3 54. Kd4 Kd6 55. Rxa7 {Quite a comeback for White.  Weighted Error Value: White=0.13 (very precise) /Black=0.17 (very precise)} 1-0

[Event "Najdorf Memorial-A 2022"]
[Site "Warsaw"]
[Date "2022.07.17"]
[Round "9.12"]
[White "Vanduyfhuys, Igor"]
[Black "Stachecki, Mikolaj"]
[Result "0-1"]
[ECO "B62"]
[WhiteElo "1959"]
[BlackElo "1918"]
[Annotator "TA"]
[PlyCount "48"]
[EventDate "2022.07.09"]
[EventType "swiss"]
[EventCountry "POL"]
[SourceTitle "playchess.com"]
[Source "ChessBase"]
[SourceQuality "1"]
[TimeControl "40/5400+30:1800+30"]

1. e4 c5 2. Nf3 d6 3. d4 cxd4 4. Nxd4 Nf6 5. Nc3 Nc6 6. Bg5 e6 7. Qd3 Be7 {[%emt 0:00:13] 7...Bd7 is the modern continuation.} 8. O-O-O O-O {[%emt 0:00:16] [#]} 9. Qe3 $146 {[%emt 0:00:29] B62: Sicilian: Richter-Rauzer: 6...e6: Unusual White 7th moves.} (9. Ndb5 $11) ({Predecessor:} 9. Kb1 Bd7 10. Nb3 a5 11. a3 a4 12. Nd4 Qa5 13. Bd2 Qb6 14. Be3 Nxd4 15. Bxd4 Qa5 16. Be2 Rfc8 {1-0 (59) Caruana,F (2806)-Shankland,S (2709) Saint Louis 2021}) 9... Ng4 $17 10. Qg3 $2 {[%emt 0:09:19][%mdl 8192] [#]} Bxg5+ $19 {[%emt 0:03:47] Black is clearly winning.} 11. f4 Nxd4 12. Qxg4 Bf6 13. e5 dxe5 14. fxe5 Bxe5 15. Nb5 f5 16. Qh5 Qf6 {[%emt 0:03:45] [#] ...Nxb5 is the strong threat.} 17. Nxd4 Bxd4 18. c3 Be3+ 19. Kb1 e5 20. Bc4+ Kh8 21. Rd5 g6 22. Qe2 f4 23. g4 Be6 24. Rd6 Bxc4 {[%emt 0:01:22] White did not feel at home in the position after the opening.  Weighted Error Value: White=0.99/Black=0.04 (flawless)} 0-1

[Event "Najdorf Memorial-A 2022"]
[Site "Warsaw"]
[Date "2022.07.17"]
[Round "9.13"]
[White "Mazur, Maciej"]
[Black "Kaminski, Jan"]
[Result "1/2-1/2"]
[ECO "B51"]
[WhiteElo "1757"]
[BlackElo "1870"]
[Annotator "NA COMBH"]
[PlyCount "82"]
[EventDate "2022.07.09"]
[EventType "swiss"]
[EventCountry "POL"]
[SourceTitle "playchess.com"]
[Source "ChessBase"]
[SourceQuality "1"]
[TimeControl "40/5400+30:1800+30"]

1. e4 c5 2. Nf3 d6 3. Bb5+ Nd7 4. O-O a6 5. Bxd7+ Bxd7 6. Re1 g6 7. c4 Bg7 8. h3 Nf6 9. Nc3 O-O 10. d3 b5 11. Rb1 b4 12. Nd5 e6 13. Nxf6+ Bxf6 14. b3 Bc6 15. d4 cxd4 16. Nxd4 Bb7 17. Bb2 Qb6 18. Nf3 Bxb2 19. Rxb2 Rfd8 20. Rd2 a5 21. h4 h5 22. Qa1 e5 23. Qd1 Qc5 24. Ng5 Ra6 25. g4 hxg4 26. Qxg4 Bc8 27. Qf3 Qc7 28. Red1 Qe7 29. c5 f6 30. Nh3 Rc6 31. cxd6 Rcxd6 32. Rxd6 Rxd6 33. Rxd6 Qxd6 34. Kg2 Kg7 35. Qe2 Ba6 36. Qe3 Qc7 37. f3 Bc8 38. Nf2 Be6 39. Ng4 Bxg4 40. fxg4 Qc2+ 41. Kg3 Qxa2 1/2-1/2

[Event "Najdorf Memorial-A 2022"]
[Site "Warsaw"]
[Date "2022.07.17"]
[Round "9.14"]
[White "Rozumek, Krzysztof"]
[Black "Basiaga, Sebastian"]
[Result "1-0"]
[ECO "A05"]
[WhiteElo "1801"]
[BlackElo "1770"]
[Annotator "NA COMBH"]
[PlyCount "81"]
[EventDate "2022.07.09"]
[EventType "swiss"]
[EventCountry "POL"]
[SourceTitle "playchess.com"]
[Source "ChessBase"]
[SourceQuality "1"]
[TimeControl "40/5400+30:1800+30"]

1. Nf3 Nf6 2. b3 d5 3. Bb2 c5 4. e3 Nc6 5. Bb5 Bd7 6. O-O e6 7. Bxc6 Bxc6 8. Ne5 Qc7 9. f4 Be7 10. d3 O-O 11. Nd2 b5 12. Qf3 Bb7 13. Qg3 c4 14. Bd4 Bc5 15. Ndf3 Rac8 16. Rf2 a6 17. Raf1 cxd3 18. cxd3 Qe7 19. Qg5 Rc7 20. Qg3 Rfc8 21. h4 a5 22. Qh3 b4 23. Ng5 Bxd4 24. exd4 Qd6 25. f5 exf5 26. Qxf5 h6 27. Nh3 Rc1 28. Nf4 Rxf1+ 29. Rxf1 Rc2 30. Nh5 Bc8 31. Nxf6+ Qxf6 32. Qh5 Qb6 33. Rxf7 Qxd4+ 34. Kh2 Be6 35. Rxg7+ Kxg7 36. Qg6+ Kf8 37. Qf6+ Kg8 38. Qxe6+ Kh8 39. Qf6+ Kg8 40. Qf7+ Kh8 41. Ng6# 1-0

[Event "Najdorf Memorial-A 2022"]
[Site "Warsaw"]
[Date "2022.07.17"]
[Round "9.15"]
[White "Skrzypczynski, Kacper"]
[Black "Pancewicz, Szymon"]
[Result "1/2-1/2"]
[ECO "D02"]
[WhiteElo "1793"]
[BlackElo "1756"]
[Annotator "NA COMBH"]
[PlyCount "144"]
[EventDate "2022.07.09"]
[EventType "swiss"]
[EventCountry "POL"]
[SourceTitle "playchess.com"]
[Source "ChessBase"]
[SourceQuality "1"]
[TimeControl "40/5400+30:1800+30"]

1. d4 d5 2. Bf4 Nf6 3. Nf3 c5 4. e3 Nc6 5. c3 Qb6 6. Qc1 Bf5 7. Nbd2 h6 8. dxc5 Qxc5 9. Nb3 Qb6 10. Nbd4 Be4 11. h3 e6 12. Be2 Be7 13. Nb5 Rc8 14. O-O Bxf3 15. gxf3 e5 16. Bh2 a6 17. Na3 O-O 18. Nc2 Qc7 19. Rd1 Qd7 20. Kg2 Qf5 21. Qd2 Rfd8 22. Bg3 h5 23. h4 Qg6 24. Rac1 e4 25. f4 Ng4 26. Rh1 Bf6 27. Qd1 Na5 28. Nb4 Qf5 29. Nc2 Nc4 30. Bxc4 Rxc4 31. Qe2 Qe6 32. Rcd1 g6 33. Rd2 Nh6 34. Rhd1 Nf5 35. Na3 Rcc8 36. Nc2 Bxh4 37. Nd4 Nxd4 38. Rxd4 Bf6 39. R4d2 h4 40. Bh2 Kg7 41. Bg1 b5 42. a3 Rd7 43. Bh2 Rh8 44. Kh1 Rh5 45. Kg2 Rd8 46. Kh1 Qc6 47. Rg1 Kf8 48. Rgd1 Qe6 49. Kg2 Kg7 50. Kh1 Rhh8 51. Kg2 Rd7 52. Kh1 Rhd8 53. Kg2 Kf8 54. Re1 Rb7 55. Red1 a5 56. Kh1 Kg7 57. Kg2 Qc6 58. Qg4 Qd7 59. Qxd7 Rbxd7 60. f3 exf3+ 61. Kxf3 Be7 62. Rd3 f5 63. Kg2 Kf7 64. Bg1 Ke6 65. Kh3 Rb7 66. Bf2 b4 67. cxb4 axb4 68. Be1 bxa3 69. bxa3 Ra8 70. Rxd5 Rxa3 71. Re5+ Kf7 72. Bxh4 Bxh4 1/2-1/2

[Event "Najdorf Memorial-A 2022"]
[Site "Warsaw"]
[Date "2022.07.17"]
[Round "9.16"]
[White "Sacharewicz, Krzysztof"]
[Black "Pires, Emanuel Joao Robarts"]
[Result "0-1"]
[ECO "D02"]
[WhiteElo "1832"]
[BlackElo "2062"]
[Annotator "TA"]
[PlyCount "86"]
[EventDate "2022.07.09"]
[EventType "swiss"]
[EventCountry "POL"]
[SourceTitle "playchess.com"]
[Source "ChessBase"]
[SourceQuality "1"]
[TimeControl "40/5400+30:1800+30"]

1. d4 d5 2. Nf3 Nc6 3. g3 Bf5 4. Bg2 e6 5. O-O Be7 6. c4 Nf6 7. Qb3 {[%emt 0:00:01] D02: 1 d4 d5 2 Nf3 sidelines, including 2...Nf6 3 g3 and 2...Nf6 3 Bf4.} (7. Ne5 $14) 7... O-O $11 8. Bd2 {[%emt 0:07:21] [#] Against Na5} dxc4 $146 ({Predecessor:} 8... Ne4 9. cxd5 exd5 10. Bf4 Na5 11. Qd1 b6 12. Nbd2 c5 13. Rc1 Qd7 14. Ne5 Qb5 {1-0 (37) Tesar,J (1966)-Marsina,S (1799) Hradec Kralove 2021}) 9. Qxc4 {[%emt 0:01:47] The position is equal.} Ne4 10. Be3 Nb4 11. Nbd2 b5 (11... a5 $11) 12. Qb3 a5 13. Nxe4 (13. a3 $14 a4 14. Qd1 Nxd2 15. Bxd2) 13... Bxe4 $15 14. Ne5 {[%emt 0:04:04] [#] White is now going downhill.} (14. a4 $11 {remains equal.}) 14... a4 $1 $17 15. Qc3 {[%emt 0:08:27] [#]} Nxa2 $1 16. Rxa2 Bxg2 17. Nc6 {[%emt 0:00:11] Inhibits b4.} Bxc6 18. Qxc6 Qd5 19. Qxd5 exd5 20. Bf4 Rfc8 21. Rd1 g5 22. Be3 f6 23. Raa1 Kf7 24. Rdc1 Ke6 25. f4 g4 26. h3 gxh3 27. Kh2 Ra6 28. Kxh3 Kf5 29. Kg2 Ke4 30. Bf2 b4 {[%emt 0:00:58] Prevents Rc3.} 31. Rh1 a3 32. Rxh7 Bd6 33. bxa3 bxa3 34. Ra2 (34. Rh6 $142 Bf8 35. Rhh1) 34... Rb8 $19 35. e3 Rb2 36. Ra1 a2 {[%emt 0:01:48] White must now prevent ...Rb1.} 37. Rhh1 {[%emt 0:00:20] Prevents Rb1.} Rc6 {[%emt 0:00:18] And now ...Rcc2 would win.} 38. g4 Rcc2 39. Rhf1 c5 {[%emt 0:01:16] Hoping for ...cxd4.} 40. dxc5 Bxc5 41. Rae1 Rb1 42. Rxb1 axb1=Q 43. Rxb1 Bxe3 {[%emt 0:00:19] Weighted Error Value: White=0.66/Black=0.04 (flawless)} 0-1

[Event "Najdorf Memorial-A 2022"]
[Site "Warsaw"]
[Date "2022.07.17"]
[Round "9.17"]
[White "Choroszej, Aleksander"]
[Black "Hemmerling, Jaroslaw"]
[Result "1/2-1/2"]
[ECO "D37"]
[WhiteElo "2040"]
[BlackElo "1854"]
[Annotator "TA"]
[PlyCount "164"]
[EventDate "2022.07.09"]
[EventType "swiss"]
[EventCountry "POL"]
[SourceTitle "playchess.com"]
[Source "ChessBase"]
[SourceQuality "1"]
[TimeControl "40/5400+30:1800+30"]

1. d4 d5 2. c4 e6 3. Nc3 Nf6 4. Nf3 dxc4 5. e4 Bb4 6. Bg5 c5 7. e5 cxd4 8. Qa4+ Nc6 9. O-O-O Qa5 {[%emt 0:22:38] [#] D39: Queen's Gambit Declined: Ragozin Defence with 5 Bg5 dxc4.} 10. Qxa5 $146 {[%emt 0:22:07] White is more active.} (10. exf6 $16 Bxc3 11. Qxc4 (11. fxg7 Rg8 $14)) ({Predecessor:} 10. exf6 Bxc3 11. fxg7 Rg8 12. Qxc4 Rxg7 13. bxc3 Rxg5 14. Nxg5 Qxg5+ 15. Kb2 Bd7 16. cxd4 Rc8 17. Be2 {1-0 (26) Kuzubov,Y (2655)-Bogdanovich,S (2537) Kiev 2018}) 10... Bxa5 $11 11. exf6 dxc3 12. fxg7 {[%emt 0:00:52][%cal Rg7h8] [#]} Rg8 13. Bxc4 (13. Bf6 $11 c2 14. Rd6 (14. Kxc2 Nb4+ 15. Kb1 Nd5 $11)) 13... cxb2+ $15 14. Kxb2 Rxg7 15. g3 Bd7 16. h4 Bd8 17. Rhe1 Rc8 18. Bb5 a6 19. Bxd8 Rxd8 20. Ba4 Rg4 21. Bc2 Rb4+ 22. Kc3 h6 23. Ne5 {[%emt 0:00:44] Nxc6 is the strong threat.} Rb5 24. Nxd7 Rxd7 25. Rxd7 Kxd7 $17 {[%emt 0:00:03][%mdl 4096] Endgame KRB-KRN} 26. Be4 Kc7 27. Bxc6 Kxc6 {[%emt 0:00:22] KR-KR} 28. Re4 Rc5+ 29. Kb3 (29. Kd3 $17) 29... b5 30. Rg4 (30. a4 $17 {keeps fighting.}) 30... Rf5 $19 31. f4 Kd5 32. Rg8 $2 {[%emt 0:01:13] [#]} (32. Kb4 $17 {was called for.}) 32... a5 $1 33. Rc8 e5 (33... h5 $142 {aiming for ...Kd4.} 34. Kc2 Ke4) 34. fxe5 Kxe5 {[%emt 0:02:15] Threatens to win with ...h5.} 35. Rh8 $2 (35. Ra8 $17 {might work better.}) 35... h5 36. Kc2 (36. Ra8 $142 Ke4 37. Rxa5) 36... Ke4 37. Rd8 $2 (37. Rg8) 37... Rf2+ 38. Kb1 Rf3 39. Rh8 Rf5 40. Rd8 Kf3 41. Rg8 Ke4 42. Rd8 $1 Rd5 43. Rg8 Kd4 44. Rf8 $2 (44. Kb2 {was necessary.}) 44... Kc3 45. Rc8+ Kb4 46. Re8 Rf5 47. Re3 Kc4 48. Re8 b4 49. Rd8 Kb5 50. Re8 Kc4 (50... a4 $142 51. a3 b3 52. Rb8+ Kc4) 51. Rd8 $1 Rf3 52. Rh8 Rf5 ({Better is} 52... f5 $19 53. Rc8+ Kd4) 53. Re8 $2 (53. Rd8 $1 $11) 53... Kc3 54. Rc8+ Kd3 55. Re8 a4 56. Rd8+ Kc3 57. Rc8+ Kd3 $2 (57... Kd4 {Hoping for ...Rf1+.} 58. Rb8 Rf1+ 59. Kc2 Rf2+ 60. Kb1 Kc5 61. Rc8+ Kb5 62. Rb8+ Kc4 63. Rc8+ Kd3) 58. Rd8+ Ke3 59. Rb8 $2 (59. a3 Rf1+ 60. Kb2 Rf2+ 61. Kb1) 59... Ra5 60. Kc2 Kf3 61. Rg8 Re5 62. Kb1 Re1+ 63. Kc2 Re2+ 64. Kb1 Re1+ 65. Kc2 Re4 66. Rg5 Rg4 {[%emt 0:01:05] ( -> ...Rxg5)} 67. Rxh5 Kxg3 68. Rh7 f5 69. h5 Kf4 70. h6 Kg5 (70... Rg2+ $142 71. Kd3 Rxa2) 71. Rf7 $2 (71. Rh8 Rg2+ 72. Kb1) 71... Kg6 72. h7 Rh4 73. Rb7 Rxh7 74. Rxb4 Ra7 $2 (74... Rh2+ $19 75. Kb1 Kg5 76. Rxa4 f4) 75. Kd2 Kg5 {[%emt 0:00:05] Strongly threatening ...f4.} (75... a3 $5 76. Rb3 Kh5 $15) 76. Ke2 {[%emt 0:00:16] The position is equal.} Kf6 77. Ke3 a3 {[%emt 0:00:12] White must now prevent ...Rh7.} 78. Kf4 Ra6 79. Rc4 Ke6 80. Rb4 Kf6 81. Rc4 Kg6 82. Rb4 Kf6 {[%emt 0:00:41] Whites escaped into a draw.  Weighted Error Value: White=0.56/Black=0.61} 1/2-1/2

[Event "Najdorf Memorial-A 2022"]
[Site "Warsaw"]
[Date "2022.07.17"]
[Round "9.18"]
[White "Rejniak, Zuzanna"]
[Black "Szwaj, Jacek"]
[Result "0-1"]
[ECO "C18"]
[WhiteElo "1813"]
[BlackElo "1938"]
[Annotator "TA"]
[PlyCount "86"]
[EventDate "2022.07.09"]
[EventType "swiss"]
[EventCountry "POL"]
[SourceTitle "playchess.com"]
[Source "ChessBase"]
[SourceQuality "1"]
[TimeControl "40/5400+30:1800+30"]

1. e4 e6 2. d4 d5 3. Nc3 Bb4 4. e5 c5 5. a3 Bxc3+ 6. bxc3 Ne7 7. Qg4 Kf8 8. a4 {[%emt 0:00:15] 8.h4 is setting a new trend.} Qa5 {[%emt 0:01:58] C18: French: 3 Nc3 Bb4: Main line: 7 h4 and 7 Qg4.} 9. Bd2 c4 10. Qd1 Nbc6 {[%emt 0:05:27] [#] The position is equal.} 11. Be2 $146 ({Predecessor:} 11. Ne2 Bd7 12. Ng3 h6 13. Be2 Nd8 14. Nh5 Kg8 15. O-O Rh7 16. f4 Kh8 17. g4 {1-0 (54) Haugen,A (2467)-Galanov,S (2536) ICCF email 2014}) 11... b5 (11... Kg8 $11) 12. axb5 $16 Qxb5 13. Nh3 a5 14. O-O a4 15. Bh5 h6 16. f4 (16. Bc1 $16) 16... g6 17. Bf3 h5 18. Nf2 (18. Bc1 $14) 18... Nf5 19. g3 (19. Bc1 $14) 19... Qa5 $11 20. Kg2 Bd7 21. h3 h4 (21... Rb8 $15 22. Qc1 Kg7) 22. g4 Ng3 23. Re1 Ne7 24. Rg1 Bc6 25. Qe1 Rb8 26. Rb1 (26. Bc1 $14) 26... Rxb1 $15 27. Qxb1 Ne4 {[%emt 0:02:11] Pair of Knights!} 28. Be1 (28. Bc1 $15) 28... Kg7 {[%emt 0:01:28] Black is more active.} (28... Nxc3 $2 29. Qa1 $18) 29. Kh2 $2 {[%emt 0:04:27] Now White is beyond hope.} (29. Qa2 $17) 29... a3 $19 {[%emt 0:01:43][%cal Ba4a3,Ba3a2][%mdl 32] [#] And now ...a2 would win.} ({Don't take} 29... Nxc3 30. Qa1 $18) 30. Bxe4 $2 (30. Qa2 Nxf2 31. Bxf2) 30... a2 31. Qa1 dxe4 32. Bd2 Rb8 33. Rc1 Qa3 (33... e3 $142 34. Rg1 exf2 35. f5 fxg1=R 36. Qxg1 a1=Q 37. Bh6+ Kxh6 38. g5+ Kg7 39. Qxa1 Qxa1 40. d5 Bxd5 41. f6+ Kh7 42. fxe7 Qh1#) 34. Nd1 Nd5 {[%emt 0:00:23][%cal Oe4e3] [#] Hoping for ...e3!} 35. f5 exf5 36. gxf5 f6 37. fxg6 fxe5 38. dxe5 Qe7 {[%emt 0:03:19] Black mates.} 39. Ne3 Qxe5+ 40. Kh1 Nxe3 41. Bxe3 Qg3 42. Re1 Qxe1+ 43. Qxe1 Rb1 {[%emt 0:00:11] Weighted Error Value: White=0.89/Black=0.29 (precise)} 0-1

[Event "Najdorf Memorial-A 2022"]
[Site "Warsaw"]
[Date "2022.07.17"]
[Round "9.19"]
[White "Adamski, Adam"]
[Black "Spicak, Krzysztof"]
[Result "0-1"]
[ECO "B03"]
[WhiteElo "1784"]
[BlackElo "1858"]
[Annotator "NA COMBH"]
[PlyCount "126"]
[EventDate "2022.07.09"]
[EventType "swiss"]
[EventCountry "POL"]
[SourceTitle "playchess.com"]
[Source "ChessBase"]
[SourceQuality "1"]
[TimeControl "40/5400+30:1800+30"]

1. e4 Nf6 2. e5 Nd5 3. c4 Nb6 4. d4 d6 5. exd6 cxd6 6. Nc3 g6 7. Be3 Bg7 8. Rc1 O-O 9. b3 e5 10. dxe5 dxe5 11. Qxd8 Rxd8 12. Rd1 Rxd1+ 13. Kxd1 Be6 14. Nb5 Nc6 15. Bd3 Rd8 16. Ke2 Nc8 17. Nc7 Bd7 18. f3 h6 19. Nh3 Nd4+ 20. Bxd4 exd4 21. Nf4 Bc6 22. Be4 Nd6 23. Bxc6 bxc6 24. Nd3 Rd7 25. Na6 Nb7 26. Nab4 Nd8 27. Kd2 a5 28. Na6 Ra7 29. Nac5 Ne6 30. Re1 Nxc5 31. Re8+ Bf8 32. Nxc5 Kg7 33. Na4 Bb4+ 34. Kd3 Bd6 35. Kxd4 Bxh2 36. Kc5 Ra6 37. Rc8 Bg1+ 38. Kd6 c5+ 39. Kd5 Rf6 40. Nxc5 Rf5+ 41. Kd6 Rg5 42. a3 Rxg2 43. b4 axb4 44. axb4 h5 45. Re8 h4 46. Re4 g5 47. b5 h3 48. Re7 h2 49. Ne6+ Kf6 50. Nc7 Rd2+ 51. Nd5+ Rxd5+ 52. cxd5 h1=Q 53. Rd7 Qxf3 54. Rb7 g4 55. b6 g3 56. Kc6 g2 57. Rd7 Qc3+ 58. Kb7 Qb4 59. d6 Qxb6+ 60. Kc8 Bh2 61. Re7 g1=Q 62. Rc7 Qg8+ 63. Kd7 Qxd6# 0-1